 Dungeon Crawl Stone Soup version 0.29.1-15-g9cfb28693d (webtiles) character file.

Game seed: 6866465856069132518

270 vishdafish the Conjurer (level 6, 37/41 HPs)
             Began as a Demonspawn Conjurer on Mar 29, 2023.
             Quit the game on level 5 of the Dungeon.
             The game lasted 00:04:28 (3137 turns).

vishdafish the Conjurer (Demonspawn Conjurer)       Turns: 3137, Time: 00:04:29

Health: 37/41      AC:  3    Str:  8    XL:     6   Next: 1%
Magic:  4/12       EV: 12    Int: 23    God:
Gold:   85         SH:  0    Dex: 11    Spells: 12/13 levels left

rFire   . . .      SeeInvis .   i - +0 dagger (venom)
rCold   . . .      Faith    .   (no shield)
rNeg    . . .      Spirit   .   a - +0 robe
rPois   .          Reflect  .   (helmet restricted)
rElec   .          Harm     .   j - +0 cloak
rCorr   .          Rampage  .   (no gloves)
Will    .....                   (no boots)
Stlth   ++........              (no amulet)
HPRegen 0.13/turn               (no ring)
MPRegen 0.13/turn               (no ring)

@: no status effects
A: horns 2, foul stench 1, big brain 1
a: no special abilities


You were on level 5 of the Dungeon.
You visited 1 branch of the dungeon, and saw 5 of its levels.

You collected 85 gold pieces.

Inventory:

Hand Weapons
 b - a +0 dagger
 i - a +0 dagger of venom (weapon)
Missiles
 h - 2 curare-tipped darts
Armour
 a - a +0 robe (worn)
 j - a +0 cloak (worn)
Jewellery
 k - a ring of protection from cold
Scrolls
 d - a scroll of torment {unknown}
 e - a scroll of blinking
 f - 2 scrolls of butterflies
 l - a scroll of poison {unknown}
 m - a scroll of fear {unknown}
 n - a scroll of teleportation {unknown}
 p - a scroll of identify {unknown}
Potions
 g - a potion of brilliance {unknown}
 o - 2 potions of flight {unknown}


   Skills:
 - Level 2.0 Dodging
 - Level 2.0 Stealth
 + Level 4.2 Spellcasting
 + Level 5.8 Conjurations


You had 12 spell levels left.
You knew the following spells:

 Your Spells              Type           Power      Damage    Failure   Level
a - Magic Dart            Conj           100%       1d8       1%          1

Your spell library contained the following spells:

 Spells                   Type           Power      Damage    Failure   Level
 Searing Ray              Conj           62%        2d6       1%          2
 Dazzling Flash           Conj/Hex       36%        N/A       10%         3
 Stone Arrow              Conj/Erth      36%        3d9       10%         3
 Sandblast                Erth           8%         2d5       11%         1
 Passwall                 Tmut/Erth      3%         N/A       16%         2
 Gell's Gravitas          Tloc           4%         N/A       30%         3
 Teleport Other           Tloc           4%         N/A       30%         3
 Fulminant Prism          Conj/Hex       9%         3d7       30%         4
 Iskenderun's Mystic Bla  Conj/Tloc      18%        2d6       30%         4
 Dispersal                Tloc           2%         N/A       100%        6


Dungeon Overview and Level Annotations

Branches:
Dungeon (6/15)
 Temple: D:4-7

Altars:


Innate Abilities, Weirdness & Mutations

You have a pair of horns on your head.
You may rarely emit foul miasma when damaged in melee.
You have an unusually large brain. (Int +2)


Message History

Your butterfly disappears in a burst of colours!
You start resting.
Your butterfly disappears in a burst of colours! x8
Your transformation is almost over.
Your butterfly disappears in a burst of colours!
You feel less wooden.
Your +0 cloak unmelds from your body.
Your +0 robe unmelds from your body.
You are too injured to fight recklessly!
You are too injured to fight recklessly!
You are too injured to fight recklessly!
Magic restored.
An iguana comes into view.
An iguana is nearby!
The magic dart hits the iguana.
The iguana is lightly wounded.
The iguana hisses angrily.
The magic dart hits the iguana but does no damage.
The iguana is lightly wounded.
The magic dart hits the iguana.
The iguana is lightly wounded.
The magic dart hits the iguana.
The iguana is moderately wounded.
The magic dart hits the iguana.
The iguana is heavily wounded.
The magic dart hits the iguana.
The iguana is severely wounded.
The magic dart hits the iguana but does no damage.
The iguana is severely wounded.
The iguana barely misses you.
The magic dart hits the iguana.
The iguana is almost dead.
The iguana bites you.
You barely miss the iguana. You headbutt the iguana.
You kill the iguana!
You have reached level 6!
Your demonic ancestry asserts itself...
You begin to emit a foul stench of rot and decay.
Things that are here:
a +0 rapier; a +0 leather armour; the human skeleton of Eustachio Are you sure you want to abandon this character and quit the game? (Confirm with "yes".)

....####...
.#..#.....#
.......#..
.....#.##
#.....###
#.>....#
#..†..#...
##.....#
#...@..#
#...........
...............
.#.#............
.....#......!...
.#.#..........#.
.............##
.#.#.##.......


There were no monsters in sight!

Vanquished Creatures
  Eustachio (D:5)
  An iguana (D:5)
  5 gnolls
  An adder (D:2)
  A dart slug (D:1)
  5 bats
  4 endoplasms
  3 giant cockroaches
  4 goblins
  6 hobgoblins
  4 jackals (D:1)
  2 quokkas (D:1)
  4 ball pythons
  A frilled lizard (D:2)
  A kobold (D:1)
  4 rats
47 creatures vanquished.

Vanquished Creatures (others)
  54 plants (D:2)
54 creatures vanquished.

Grand Total: 101 creatures vanquished

Notes
Turn   | Place    | Note
-------+----------+-------------------------------------------
     0 | D:1      | vishdafish the Demonspawn Conjurer began the quest for the
                  | Orb.
     0 | D:1      | Reached XP level 1. HP: 13/13 MP: 3/3
   102 | D:1      | Gained mutation: You have an unusually large brain. (Int
                  | +2) [demonic ancestry]
   102 | D:1      | Reached XP level 2. HP: 5/19 MP: 0/5
   799 | D:1      | Reached XP level 3. HP: 18/24 MP: 0/6
  2293 | D:3      | Gained mutation: You have a pair of small horns on your
                  | head. [demonic ancestry]
  2293 | D:3      | Reached XP level 4. HP: 24/30 MP: 2/8
  2411 | D:3      | Reached skill level 5 in Conjurations
  2798 | D:3      | You fall into a shaft and drop 3 floors!
  2899 | D:5      | Entered Level 5 of the Dungeon
  2899 | D:5      | Noticed Eustachio
  2924 | D:5      | Killed Eustachio
  2925 | D:5      | Gained mutation: You have a pair of horns on your head.
                  | [demonic ancestry]
  2925 | D:5      | Reached XP level 5. HP: 15/35 MP: 2/11
  3136 | D:5      | Gained mutation: You may rarely emit foul miasma when
                  | damaged in melee. [demonic ancestry]
  3136 | D:5      | Reached XP level 6. HP: 37/41 MP: 4/12
  3137 | D:5      | Quit the game

Illustrated notes

Levels and vault maps discovered:
D:1:      evilmike_arrival_rings, layout_basic
D:2:      layout_basic, basic_altar, serial_bayou, serial_bayou_pond_b,
          serial_bayou_lagoon_a, serial_bayou_crossing, serial_bayou_shore_b
D:3:      layout_basic, serial_curves, eino_curves_03, eino_curves_03,
          grunt_ministairs_10
D:5:      layout_cave_pools, serial_glass, glass_columns_c, glass_columns_b,
          glass_columns_c, glass_columns_a, glass_columns_a, glass_columns_a,
          serial_shops, nicolae_shop_hallway_plus, hangedman_decor_peaks_small,
          uniq_eustachio
D:6:      layout_gridville, lemuel_round_altar, minmay_misc_feat_diagonals

Skill      XL: |  1  2  3  4 |
---------------+-------------+-----
Dodging        | 2 |  2.0
Stealth        | 2 |  2.0
Spellcasting   | 3 4 |  4.2
Conjurations   | 5 |  5.8

Action                   |  1- 3 |  4- 6 || total
-------------------------+-------+-------++-------
Melee: Unarmed           |    11 |       ||    11
       Punch             |     1 |       ||     1
       Dagger            |    24 |    16 ||    40
       Headbutt          |       |     1 ||     1
 Cast: Magic Dart        |    85 |    29 ||   114
  Use: Potion            |     2 |     2 ||     4
       Scroll            |       |     2 ||     2
Armor: Skin              |     6 |    79 ||    85
       Robe              |     8 |     9 ||    17
Dodge: Dodged            |    41 |    20 ||    61
